 Dungeon Crawl Stone Soup version 0.26.1-11-gd32895ea62 (webtiles) character file.

Game seed: 3488241842655161970

10692 Eitelfritz the Cleaver (level 11, -2/97 HPs)
             Began as a Hill Orc Fighter on May 27, 2021.
             Was a High Priest of Qazlal.
             Slain by an eight-headed hydra (9 damage)
             ... on level 11 of the Dungeon.
             The game lasted 00:30:47 (11024 turns).

Eitelfritz the Cleaver (Hill Orc Fighter)          Turns: 11024, Time: 00:30:48

Health: -2/97      AC: 21    Str: 22    XL:     11   Next: 66%
Magic:  15/15      EV:  8    Int:  9    God:    Qazlal [*****.]
Gold:   712        SH: 17    Dex: 10    Spells: 10/10 levels left

rFire    . . .     SeeInvis .   c - +0 morningstar
rCold    + . .     Faith    +   t - +0 kite shield
rNeg     . . .     Spirit   .   s - +2 chain mail {rC+}
rPois    .         Reflect  .   h - +2 helmet
rElec    .         Harm     .   u - +0 cloak
rCorr    .         Rampage  .   d - +0 pair of gloves
Will     .....                  (no boots)
Stlth    ..........             D - amulet of faith
HPRegen  0.26/turn              r - ring of stealth
MPRegen  0.14/turn              C - ring of stealth

@: protected from physical damage, repel missiles
A: no striking features
a: Renounce Religion, Upheaval, Elemental Force, Disaster Area


You were on level 11 of the Dungeon.
You worshipped Qazlal.
Qazlal was extremely pleased with you.
You visited 2 branches of the dungeon, and saw 12 of its levels.
You also visited: Sewer.

You collected 768 gold pieces.
You spent 56 gold pieces at shops.

Inventory:

Hand Weapons
 a - a +1 war axe
 b - a +0 hand crossbow
 c - a +0 morningstar (weapon)
Missiles
 I - 13 bolts
Armour
 d - a +0 pair of gloves (worn)
 h - a +2 helmet (worn)
 s - a +2 chain mail of cold resistance (worn)
 t - a +0 kite shield (worn)
 u - a +0 cloak (worn)
Jewellery
 r - a ring of stealth (left hand)
 v - an uncursed ring of fire
 C - a ring of stealth (right hand)
 D - an amulet of faith (around neck)
Wands
 f - a wand of disintegration (15)
 k - a wand of digging (4)
 q - a wand of flame (12)
 J - a wand of iceblast (12)
Scrolls
 g - 5 scrolls of enchant weapon
 j - 5 scrolls of teleportation
 m - 2 scrolls of magic mapping
 w - 2 scrolls of fog
 x - a scroll of enchant armour
 y - 3 scrolls of fear
 A - a scroll of blinking
 G - 3 scrolls of remove curse
Potions
 i - a potion of haste
 n - 3 potions of curing
 o - 4 potions of lignification
 p - 3 potions of mutation
 z - a potion of brilliance
 B - a potion of cancellation {unknown}
 E - 7 potions of flight
 F - a potion of degeneration {unknown}
 H - a potion of resistance


   Skills:
 + Level 9.1 Fighting
 + Level 13.6 Axes
 + Level 4.9 Slings
 + Level 7.3 Armour
 + Level 2.9 Dodging
 + Level 1.2 Stealth
 + Level 9.2 Shields
 - Level 6.0 Invocations


You had 10 spell levels left.
You didn't know any spells.
Your spell library was empty.

Dungeon Overview and Level Annotations

Branches:
Dungeon (11/15)            Temple (1/1) D:4            Lair (0/6) D:9
    Orc (0/2) D:9           Sewer (visited)

Altars:
Ashenzari
Cheibriados
Dithmenos
Elyvilon
Fedhas
Gozag
Hepliaklqana
Kikubaaqudgha
Makhleb
Nemelex Xobeh
Okawaru
Qazlal
Ru
Sif Muna
Trog
Uskayaw
Vehumet
Wu Jian
Xom
Yredelemnul
Zin
The Shining One

Shops:
D:5 ?


Message History

You feel better. You block the quokka's attack.
The eight-headed hydra bites you!
* * * LOW HITPOINT WARNING * * *
The eight-headed hydra bites you.
* * * LOW HITPOINT WARNING * * *
The eight-headed hydra bites you but does no damage.
The eight-headed hydra bites you.
* * * LOW HITPOINT WARNING * * *
You feel more protected from physical attacks.
The eight-headed hydra bites you but does no damage. x4
The quokka bites you but does no damage.
You barely miss the eight-headed hydra.
The eight-headed hydra is severely wounded.
The eight-headed hydra is engulfed in blazing flames.
You block the eight-headed hydra's attack.
The eight-headed hydra bites you but does no damage.
You block the eight-headed hydra's attack.
The eight-headed hydra barely misses you.
The eight-headed hydra bites you!
You die...

...#####......
.............
#............ ....#
#........... ....#
#.........# ....#
#....°○...# .# ....#
#.....☼r..# .# ....#
#.....○@..# .<#
....######......D.☼###..#
............#####.☼.....#
............# #.......#
....######..# #.÷÷....#
....# #..# #.......#
....# #.÷#####.......#
....######(.).(†........#
.>......................#


You could see an eight-headed hydra and a quokka.

Vanquished Creatures
  2 two-headed ogres
  A cyclops (D:11)
  A centaur skeleton (D:10)
  3 trolls
  A hornet (D:10)
  A wyvern (D:11)
  A wraith (D:10)
  2 fire bats (D:5)
  5 yaks (D:10)
  A water moccasin (D:11)
  2 orc warriors
  2 sky beasts
  2 ice beasts
  11 ogres
  5 phantoms
  3 wolves (D:9)
  2 centaurs
  3 big kobolds
  6 bullfrogs
  A wyvern zombie (D:10)
  4 gnoll sergeants (D:9)
  A scorpion (D:7)
  4 killer bees
  13 wights (D:8)
  A howler monkey (D:9)
  4 electric eels (D:9)
  7 crimson imps (D:7)
  5 hounds
  3 quasits
  A centaur zombie (D:9)
  A gnoll shaman (D:5)
  4 orc wizards
  4 orc priests
  5 jellies
  Terence (D:3)
  2 iguanas
  A merfolk siren (Sewer)
  9 worker ants
  A merfolk avatar (Sewer)
  A hound zombie (D:9)
  Robin (D:2)
  2 worker ant zombies
  11 gnolls
  A howler monkey skeleton (D:8)
  11 adders
  2 river rats
  3 shadow imps
  2 white imps
  An ufetubus (D:8)
  2 worms
  2 dart slugs (D:1)
  4 leopard geckos
  36 orcs
  3 bats
  10 giant cockroaches
  16 goblins
  8 hobgoblins
  13 jackals
  2 kobolds
  3 quokkas
  6 ball pythons
  12 frilled lizards
  A leopard gecko zombie (D:4)
  A quokka skeleton (D:9)
  A quokka zombie (D:5)
  30 rats
311 creatures vanquished.

Vanquished Creatures (collateral kills)
  Snorg (D:10)
  2 orc wizards (D:10)
3 creatures vanquished.

Grand Total: 314 creatures vanquished

Notes
Turn   | Place    | Note
-------+----------+-------------------------------------------
     0 | D:1      | Eitelfritz the Hill Orc Fighter began the quest for the
                  | Orb.
     0 | D:1      | Reached XP level 1. HP: 19/19 MP: 1/1
    34 | D:1      | You fall into a shaft and drop 1 floor!
    39 | D:2      | Reached XP level 2. HP: 18/27 MP: 2/2
   219 | D:1      | Reached skill level 3 in Axes
   465 | D:1      | Reached XP level 3. HP: 34/34 MP: 3/3
   584 | D:2      | Found a broken altar of Ashenzari.
   711 | D:2      | Noticed Robin
   733 | D:2      | Killed Robin
   734 | D:2      | Reached XP level 4. HP: 15/41 MP: 4/4
  1103 | D:2      | Reached skill level 4 in Axes
  1280 | D:3      | Reached XP level 5. HP: 46/47 MP: 5/5
  1485 | D:3      | Noticed Terence
  1507 | D:3      | Killed Terence
  1528 | D:3      | Found a white marble altar of Elyvilon.
  1532 | D:3      | Reached skill level 5 in Axes
  1872 | D:4      | Noticed an ogre
  1884 | D:4      | Killed an ogre
  1885 | D:4      | Reached skill level 5 in Fighting
  1885 | D:4      | Reached XP level 6. HP: 20/56 MP: 6/6
  2089 | D:4      | Noticed a phantom
  2118 | D:4      | Killed a phantom
  2119 | D:4      | Reached skill level 1 in Dodging
  2163 | D:4      | Found a bloodstained altar of Trog.
  2236 | D:4      | Reached skill level 6 in Axes
  2242 | D:4      | Reached skill level 1 in Slings
  2290 | D:4      | Found a staircase to the Ecumenical Temple.
  2296 | Temple   | Entered the Ecumenical Temple
  2371 | Temple   | Became a worshipper of Qazlal Stormbringer
  2437 | D:4      | Reached XP level 7. HP: 55/61 MP: 7/7
  2754 | D:5      | Entered Level 5 of the Dungeon
  3030 | D:5      | Found a transporter.
  3043 | D:5      | Found an ancient bone altar of Kikubaaqudgha.
  3052 | D:5      | Noticed a fire bat
  3052 | D:5      | Noticed a fire bat
  3179 | D:5      | Reached skill level 7 in Axes
  3179 | D:5      | You fall into a shaft and drop 3 floors!
  3386 | D:8      | Reached * piety under Qazlal
  3518 | D:7      | Reached XP level 8. HP: 68/70 MP: 8/8
  3548 | D:7      | Reached skill level 8 in Axes
  3548 | D:7      | Reached skill level 5 in Shields
  3775 | D:6      | Found a shimmering blue altar of Sif Muna.
  3792 | D:6      | Reached skill level 9 in Axes
  3900 | D:6      | Found a glowing drain.
  3904 | Sewer    | Entered a sewer
  4011 | Sewer    | Reached ** piety under Qazlal
  4156 | Sewer    | Reached skill level 1 in Invocations
  4497 | D:6      | Reached skill level 5 in Armour
  4497 | D:6      | Reached XP level 9. HP: 28/78 MP: 10/10
  5080 | D:5      | Found Xiheal's Magic Scroll Shoppe.
  5097 | D:5      | Bought a scroll of identify for 28 gold pieces
  5097 | D:5      | Bought a scroll of identify for 28 gold pieces
  5332 | D:5      | Found a transporter.
  5669 | D:7      | Reached skill level 10 in Axes
  5714 | D:7      | Reached *** piety under Qazlal
  5729 | D:7      | Identified the +7 rapier of Callousness {speed, Int+2}
  5964 | D:7      | Found a shadowy altar of Dithmenos.
  5964 | D:7      | Found a glowing silver altar of Zin.
  5964 | D:7      | Found an ornate altar of the Wu Jian Council.
  6108 | D:7      | Found a hazy altar of Hepliaklqana.
  6163 | D:8      | Noticed a two-headed ogre
  6176 | D:8      | Killed a two-headed ogre
  6177 | D:8      | Reached skill level 5 in Invocations
  6177 | D:8      | Reached XP level 10. HP: 34/86 MP: 13/13
  6492 | D:8      | Reached skill level 11 in Axes
  7198 | D:9      | Reached **** piety under Qazlal
  7265 | D:9      | HP: 2/88 [electric eel/bolt of electricity (8)]
  8010 | D:9      | HP: 4/88 [troll (5)]
  8010 | D:9      | HP: 1/88 [troll (3)]
  8497 | D:9      | Reached skill level 12 in Axes
  8672 | D:9      | Found a staircase to the Orcish Mines.
  8756 | D:9      | Reached skill level 1 in Stealth
  8784 | D:9      | Found a staircase to the Lair.
  8900 | D:9      | Noticed a two-headed ogre
  8915 | D:9      | Killed a two-headed ogre
  8916 | D:9      | Reached XP level 11. HP: 59/95 MP: 15/15
  9642 | D:10     | Entered Level 10 of the Dungeon
  9645 | D:10     | Noticed Snorg
  9658 | D:10     | Killed Snorg
 10131 | D:10     | Reached skill level 13 in Axes
 10661 | D:11     | Reached ***** piety under Qazlal
 10724 | D:11     | Noticed a cyclops
 10738 | D:11     | Killed a cyclops
 10972 | D:11     | Noticed an eight-headed hydra
 11024 | D:11     | Slain by an eight-headed hydra

Illustrated notes

Levels and vault maps discovered:
D:1:      dpeg_arrival_fog, layout_rooms
D:2:      layout_rooms, nicolae_overflow_hidden_temple, uniq_robin
D:3:      layout_rooms, lemuel_doored_altar, uniq_terence
D:4:      layout_rooms, minmay_temple_entry_hall, bloody_trog
D:5:      gammafunk_cloud_chamber, layout_rooms, lemuel_crystal_altar,
          serial_shops, shop, minmay_strange_pillars,
          hangedman_abyss_or_decor_lesser_grid
D:6:      layout_loops_ring, lemuel_crystal_altar, gup_sewer_entry_bowl,
          amcnicky_mini_rare_corridor_liquid
D:7:      layout_cave_pools, gammafunk_temple_overflow_claw, marbit_many_paths,
          minmay_nine_imps
D:8:      layout_gridville
D:9:      layout_grid_maze, erik_lair_island,
          kennysheep_orc_monster_closet_entryway, st_stairs_9
D:10:     layout_loops_ring, uniq_snorg
D:11:     layout_small_grid
Temple:   jpeg_temple_clearing

Skill      XL: |  1  2  3  4  5  6  7  8  9 10 11 |
---------------+----------------------------------+-----
Fighting       | 4 5 6 7 8 9 |  9.1
Axes           | 3 4 5 6 7 9 10 12 13 | 13.6
Armour         | 4 5 6 7 |  7.3
Shields        | 4 5 6 7 9 |  9.2
Dodging        | 1 2 |  2.9
Slings         | 1 2 3 4 |  4.9
Invocations    | 2 5 6 |  6.0
Stealth        | 1 |  1.2

Action                   |  1- 3 |  4- 6 |  7- 9 | 10-12 || total
-------------------------+-------+-------+-------+-------++-------
Melee: War axe           |    74 |   150 |   308 |   432 ||   964
       Morningstar       |       |       |       |     6 ||     6
 Fire: Hunting sling     |       |    12 |    49 |     6 ||    67
Invok: Upheaval          |       |       |     1 |       ||     1
       Elemental Force   |       |       |       |     1 ||     1
  Use: Scroll            |       |     6 |    12 |     2 ||    20
       Potion            |       |       |     2 |     4 ||     6
Armor: Scale mail        |    42 |    55 |       |       ||    97
       Chain mail        |       |    21 |   175 |   199 ||   395
Dodge: Dodged            |    28 |    34 |    78 |    81 ||   221
       Repelled          |       |       |       |     1 ||     1
Block: Kite shield       |    49 |    77 |   196 |   353 ||   675
